 Dungeon Crawl Stone Soup version 0.30-a0-465-g8901f6c8b5 (webtiles) character file.

Game seed: 2078504709555355457

16 JoshKwa the Firebug (level 2, 0/33 HPs)
             Began as a Draconian Fire Elementalist on Dec 17, 2022.
             Frozen to death by an endoplasm (2 damage)
             ... on level 1 of the Dungeon.
             The game lasted 00:03:03 (474 turns).

JoshKwa the Firebug (Draconian Fire Elementalist)    Turns: 474, Time: 00:03:04

Health: 0/33       AC: 21    Str: 10    XL:     2   Next: 41%
Magic:  1/5        EV:  2    Int: 15    God:
Gold:   51         SH:  0    Dex: 11    Spells: 4/5 levels left

rFire   . . .      SeeInvis .    b - +0 dagger
rCold   . . .      Faith    +    (no shield)
rNeg    . . .      Spirit   .    (body armour unavailable)
rPois   +          Reflect  .    (helmet currently unavailable)
rElec   .          Harm     .    (cloak currently unavailable)
rCorr   .          Rampage  .    (gloves currently unavailable)
Will    .....      NoTele   +    (boots currently unavailable)
Stlth   ++........               e - amulet of faith
HPRegen 0.25/turn                h - +4 ring of slaying
MPRegen 0.09/turn                (no ring)

@: lethally poisoned (0 -> -14), tree-form, very slightly contaminated
A: stationary, stasis, torment immunity, boosted hp, AC +4, unfitting armour,
(cold-blooded)
a: no special abilities


You were on level 1 of the Dungeon.
You were a tree.
You visited 1 branch of the dungeon, and saw 1 of its levels.

You collected 51 gold pieces.

Inventory:

Hand Weapons
 b - a +0 dagger (weapon)
Armour
 c - a +0 pair of gloves (melded)
 d - an orb of mayhem
Jewellery
 e - an amulet of faith (around neck)
 h - a +4 ring of slaying (left branch)
Scrolls
 g - a scroll of noise {unknown}
Potions
 a - a potion of magic


   Skills:
 * Level 0.3 Fighting
 + Level 1.9 Dodging
 + Level 2.0 Stealth
 * Level 2.2 Spellcasting
 - Level 1.0 Conjurations
 + Level 3.3 Fire Magic


You had 4 spell levels left.
You knew the following spells:

 Your Spells              Type           Power      Damage    Failure   Level
a - Foxfire               Conj/Fire      32%        2x1d5     9%          1

Your spell library contained the following spells:

 Spells                   Type           Power      Damage    Failure   Level
 Scorch                   Fire           22%        2d6       9%          2
 Inner Flame              Hex/Fire       6%         N/A       32%         3
 Kindle Blastsparks       Fire/Tloc/Air  10%        2d10      38%         3
 Flame Wave               Conj/Fire      8%         2d5       65%         4


Dungeon Overview and Level Annotations

Branches:
Dungeon (1/15)

Altars:


Innate Abilities, Weirdness & Mutations

You are a tree.
Your roots penetrate the ground, keeping you stationary.
You cannot be teleported.
You are immune to unholy pain and torment.
Your maximum health is greatly increased.
Your equipment is partially melded.
((Your plain brown scales are hard. (AC +4)))
You cannot fit into any form of body armour.
((You are cold-blooded and may be slowed by cold attacks.))


Message History

The hobgoblin barely misses you.
The giant cockroach bites you but does no damage.
You hit the hobgoblin.
You kill the hobgoblin!
The giant cockroach barely misses you. The endoplasm freezes you.
You are frozen.
The ball python closely misses you. The ball python grabs you.
The ball python constricts you.
You hit the ball python. You punch the ball python.
You kill the ball python!
The giant cockroach barely misses you. The endoplasm freezes you.
You are frozen.
The giant cockroach bites you but does no damage.
The endoplasm hits you but does no damage.
The kobold hits you but does no damage.
You are poisoned.
The giant cockroach barely misses you.
You see here a ball python corpse.
You hit the giant cockroach.
You kill the giant cockroach!
You feel very sick.
The kobold hits you with a +2 short sword of venom.
You are lethally poisoned!
The endoplasm freezes you.
You are frozen.
You feel yourself slow down.
It was a potion of lignification.
You turn into a tree.
Your +0 pair of gloves melds into your body.
Your roots penetrate the ground.
You feel yourself speed up.
* * * LOW HITPOINT WARNING * * *
You feel extremely sick.
The endoplasm hits you but does no damage.
The goblin hits you but does no damage.
The kobold hits you with a +2 short sword of venom.
* * * LOW HITPOINT WARNING * * *
The goblin hits you but does no damage. The endoplasm freezes you.
You are frozen.
You die...

#....# ##[.......
#....######..####...
#....#.......# #.##
#....#.#.....# #.#
#....#.#.....# #.#
+....'.#.....# #.#
#...)###.....# #.# #>.J.#
#.....# #.# #..♣.#
#.....# #.# #.Kg.#
#.....# #.# #..####
.....####.#
#......?....####....##.#
#...................##.#
#...................'..#
#...................#####
#...................# ##
#.......g...##..†...# #.


You could see an endoplasm, a goblin and a kobold.

Vanquished Creatures
  2 ball pythons (D:1)
  2 endoplasms (D:1)
  A giant cockroach (D:1)
  2 goblins (D:1)
  2 hobgoblins (D:1)
  A quokka (D:1)
  2 bats (D:1)
  A frilled lizard (D:1)
  A kobold (D:1)
  A rat (D:1)
15 creatures vanquished.

Vanquished Creatures (others)
  16 foxfires (D:1)
16 creatures vanquished.

Grand Total: 31 creatures vanquished

Notes
Turn   | Place    | Note
-------+----------+-------------------------------------------
     0 | D:1      | JoshKwa the Draconian Fire Elementalist began the quest for
                  | the Orb.
     0 | D:1      | Reached XP level 1. HP: 14/14 MP: 3/3
   299 | D:1      | Reached XP level 2. HP: 22/22 MP: 3/5
   474 | D:1      | Frozen to death by an endoplasm

Illustrated notes

Levels and vault maps discovered:
D:1:      minmay_arrival_split_and_join, layout_basic, minmay_misc_feat_room

Skill      XL: |  1 |
---------------+----+-----
Stealth        | 2 |  2.0
Fighting       | |  0.3
Dodging        | |  1.9
Spellcasting   | |  2.2
Conjurations   | |  1.0
Fire Magic     | |  3.3

Action                   || total
-------------------------++-------
Melee: Unarmed           ||    14
       Tailslap          ||     6
       Dagger            ||    10
       Punch             ||     1
 Cast: Foxfire           ||    10
  Use: Potion            ||     2
       Scroll            ||     1
 Stab: Sleeping          ||     1
Armor: Skin              ||    13
Dodge: Dodged            ||    27

Table legend: (Time is in decaauts)
 A = Elapsed time spent in this place.
 B = Non-inter-level travel time spent in this place.
 C = Inter-level travel time spent in this place.
 D = Time resting spent in this place.
 E = Time spent auto-exploring this place.
 F = Levels seen in this place.
 G = Mean time per level.
                   A        B        C        D        E       F      G
               +--------+--------+--------+--------+--------+-----+--------+
         Total |    474 |    454 |     20 |    100 |      0 |   1 |  474.0 |
       Dungeon |    474 |    454 |     20 |    100 |      0 |   1 |  474.0 |
               +--------+--------+--------+--------+--------+-----+--------+

Top non-repeatable levels by time:
     D:1: 474 daAuts
